 Dungeon Sprint DCSS version 0.13-a0-2995-g9a84c3d (webtiles) character file.

6821 Misa the Warrior (level 10, -4/95 HPs)
             Began as a Minotaur Berserker on Sept 8, 2013.
             Was a High Priest of Trog.
             Slain by a catoblepas (10 damage)
             ... in the Dungeon (Sprint IX: "|||||||||||||||||||||||||||||").
             The game lasted 00:07:09 (1661 turns).

Misa the Warrior (Minotaur Berserker)               Turns: 1661, Time: 00:07:10

HP  -4/95        AC 14     Str 26      XL: 10   Next: 76%
MP   3/3         EV  2     Int  4      God: Trog [*****.]
Gold 20          SH  0     Dex 12      Spells:  0 memorised,  9 levels left

Res.Fire  : . . .   See Invis. : .   x - +2,+1 executioner's axe (chop)
Res.Cold  : . . .   Warding    : .   r - +4 ring mail
Life Prot.: + + +   Conserve   : .   (no shield)
Res.Poison: +       Res.Corr.  : .   (helmet restricted)
Res.Elec. : .       Clarity    : +   q - +0 cloak
Sust.Abil.: . .     Spirit.Shd : .   (no gloves)
Res.Mut.  : .       Prev.Telep.: +   (no boots)
Res.Rott. : +       Flight     : .   j - amulet of clarity
Saprovore : . . .                    (no ring)
                                     n - +3 ring of dexterity

@: petrified, somewhat resistant to hostile enchantments, extremely unstealthy
A: retaliatory headbutt, horns 2
a: Burn Spellbooks, Berserk, Trog's Hand, Brothers in Arms, Renounce Religion


You were in the Dungeon.
You worshipped Trog.
Trog was exalted by your worship.
You were near starving.

You visited 1 branch

Inventory:

Hand weapons
 a - a +0,+0 hand axe {=f}
 p - a +4,+1 orcish broad axe of freezing
 t - a +0,+2 battleaxe of draining
 x - a +2,+1 executioner's axe of chopping (weapon)
 y - a +3,+2 war axe of freezing
Armour
 b - a +0 animal skin
 q - a +0 cloak (worn)
 r - a +4 ring mail (worn)
Magical devices
 m - a wand of fire (7)
Scrolls
 i - 3 scrolls of blinking
 l - 3 scrolls of remove curse
 u - a scroll of fear
 w - a scroll of recharging
Jewellery
 j - an amulet of clarity (around neck)
 n - a +3 ring of dexterity (left hand)
 o - a +2 ring of evasion
Potions
 c - a potion of resistance
 d - 5 potions of curing
 e - 5 potions of heal wounds
 f - 3 potions of speed
 g - 4 potions of magic
 h - 2 potions of berserk rage
 k - a potion of invisibility
 s - a potion of blood


   Skills:
 + Level 15.3 Fighting
 + Level 15.3 Axes
 + Level 15.2 Armour
 + Level 14.0 Dodging


You had 9 spell levels left.
You didn't know any spells.

Dungeon Overview and Level Annotations

Branches:
Dungeon (1/1)

Altars:
Ashenzari
Cheibriados
Elyvilon
Fedhas
Kikubaaqudgha
Makhleb
Nemelex Xobeh
Okawaru
Sif Muna
Trog
Vehumet
Xom
Yredelemnul
Zin
the Shining One


Innate Abilities, Weirdness & Mutations

You reflexively headbutt those who attack you in melee.
You have a pair of horns on your head.


Message History

You hit the catoblepas but do no damage.
The catoblepas is heavily wounded.
You are engulfed in calcifying dust.
You are slowing down.
The catoblepas gores you.
You barely miss the catoblepas. You headbutt the catoblepas.
The catoblepas is heavily wounded.
You are engulfed in calcifying dust.
The catoblepas gores you!
* * * LOW HITPOINT WARNING * * *
You have turned to stone.
The catoblepas gores you!
* * * LOW HITPOINT WARNING * * *
The catoblepas gores you.
* * * LOW HITPOINT WARNING * * *
The catoblepas gores you!
* * * LOW HITPOINT WARNING * * *
The catoblepas gores you!
* * * LOW HITPOINT WARNING * * *
The catoblepas gores you!
You die...

#.#.#.#
#)#.#.#
#|#.#.#
#?#.#'#
#.#.#)#
#'#.#.#
#_#.#Y#
#_#.#Y#
#_#.#@#
#_#.#.#
#_#.#.#
#_#.#.#
#_#.#.#
#_#.#'#
#_#.#.#
#_#.#.#
#_#.#.#


You could see a catoblepas and a yak.

Vanquished Creatures
  4 death yaks (D)
  A catoblepas (D)
  A centaur warrior (D)
  A cyclops (D)
  A griffon (D)
  An elephant (D)
  A grizzly bear (D)
  A basilisk (D)
  An ugly thing (D)
  A wraith (D)
  A yak (D)
  A manticore (D)
  An orc warrior (D)
  An ice beast (D)
  A water moccasin (D)
  2 giant slugs (D)
  An agate snail (D)
  2 giant frogs (D)
  A jelly (D)
  A hound (D)
  2 worker ants (D)
  An adder (D)
  2 green rats (D)
  A worm (D)
  A bat (D)
  2 giant cockroaches (D)
  A quokka (D)
  2 giant geckos (D)
  4 kobolds (D)
  A rat (D)
42 creatures vanquished.

Vanquished Creatures (collateral kills)
  A hydra (D)
  A death yak (D)
  A giant frog (D)
  An adder (D)
4 creatures vanquished.

Vanquished Creatures (others)
  A plant (D)
1 creature vanquished.

Grand Total: 47 creatures vanquished

Notes
Turn   | Place    | Note
--------------------------------------------------------------
     0 | D        | Misa, the Minotaur Berserker, began the quest for the Orb.
     0 | D        | Reached XP level 1. HP: 19/19 MP: 0/0
    13 | D        | Reached skill level 4 in Axes
    18 | D        | Acquired Trog's second power
   133 | D        | Noticed a jelly
   136 | D        | Killed a jelly
   136 | D        | Reached skill level 5 in Fighting
   136 | D        | Reached skill level 5 in Axes
   136 | D        | Reached XP level 2. HP: 27/27 MP: 0/0
   136 | D        | Reached XP level 3. HP: 33/33 MP: 1/1
   146 | D        | Acquired Trog's third power
   181 | D        | Found a deep blue altar of Sif Muna.
   181 | D        | Found a sparkling altar of Nemelex Xobeh.
   181 | D        | Found a burning altar of Makhleb.
   181 | D        | Found a glowing golden altar of the Shining One.
   181 | D        | Found a glowing silver altar of Zin.
   181 | D        | Found a radiant altar of Vehumet.
   181 | D        | Found a white marble altar of Elyvilon.
   182 | D        | Found a radiant altar of Vehumet.
   183 | D        | Found a shimmering altar of Xom.
   184 | D        | Found a basalt altar of Yredelemnul.
   185 | D        | Found a snail-covered altar of Cheibriados.
   186 | D        | Found an ancient bone altar of Kikubaaqudgha.
   187 | D        | Found a blossoming altar of Fedhas.
   188 | D        | Found a shattered altar of Ashenzari.
   189 | D        | Found an iron altar of Okawaru.
   190 | D        | Found a bloodstained altar of Trog.
   191 | D        | Found a white marble altar of Elyvilon.
   264 | D        | Noticed a giant frog
   264 | D        | Noticed a worker ant
   264 | D        | Noticed a manticore
   264 | D        | Noticed a wraith
   264 | D        | Noticed a yak
   270 | D        | Killed a yak
   270 | D        | Reached skill level 7 in Fighting
   270 | D        | Reached XP level 4. HP: 26/41 MP: 1/1
   270 | D        | Reached XP level 5. HP: 30/48 MP: 1/1
   275 | D        | Killed a wraith
   275 | D        | Reached skill level 8 in Fighting
   275 | D        | Reached XP level 6. HP: 32/57 MP: 2/2
   296 | D        | HP: 2/57 [manticore (3)]
   301 | D        | Killed a manticore
   301 | D        | Reached skill level 9 in Fighting
   305 | D        | Killed a worker ant
   307 | D        | Killed a giant frog
   307 | D        | Reached XP level 7. HP: 29/64 MP: 2/2
   481 | D        | Noticed an ice beast
   481 | D        | Noticed a worker ant
   481 | D        | Noticed a cyclops
   481 | D        | Noticed a centaur warrior
   481 | D        | Noticed a green ugly thing
   481 | D        | Noticed an orc warrior
   487 | D        | Killed an orc warrior
   487 | D        | Reached skill level 10 in Fighting
   487 | D        | Reached skill level 10 in Axes
   493 | D        | Killed a green ugly thing
   493 | D        | Reached skill level 10 in Armour
   494 | D        | Killed a centaur warrior
   494 | D        | Reached skill level 11 in Fighting
   494 | D        | Reached skill level 10 in Dodging
   494 | D        | Reached XP level 8. HP: 49/74 MP: 2/2
   498 | D        | Killed a cyclops
   498 | D        | Reached skill level 12 in Fighting
   499 | D        | Killed a worker ant
   501 | D        | Killed an ice beast
   535 | D        | HP: 3/75 [poisoned by a green ugly thing]
   540 | D        | HP: 3/75 [poisoned by a green ugly thing]
   547 | D        | HP: 2/75 [poisoned by a green ugly thing]
   552 | D        | HP: 2/75 [poisoned by a green ugly thing]
   563 | D        | HP: 2/75 [poisoned by a green ugly thing]
   900 | D        | Noticed an elephant
   900 | D        | Noticed a basilisk
   900 | D        | Noticed a hound
   900 | D        | Noticed a water moccasin
   905 | D        | Killed a water moccasin
   910 | D        | Killed a hound
   910 | D        | Received a gift from Trog
   916 | D        | Killed a basilisk
   916 | D        | Reached XP level 9. HP: 82/82 MP: 3/3
   919 | D        | Noticed an agate snail
   922 | D        | Killed an elephant
   937 | D        | Killed an agate snail
   951 | D        | Received a gift from Trog
  1026 | D        | Noticed a seven-headed hydra
  1026 | D        | Noticed a giant frog
  1026 | D        | Noticed a grizzly bear
  1026 | D        | Noticed a griffon
  1026 | D        | Noticed a giant slug
  1026 | D        | Noticed a giant slug
  1029 | D        | Noticed a giant frog
  1031 | D        | Killed a giant slug
  1031 | D        | Reached skill level 13 in Axes
  1033 | D        | Killed a giant slug
  1037 | D        | Killed a griffon
  1042 | D        | Killed a grizzly bear
  1044 | D        | Killed a giant frog
  1044 | D        | Received a gift from Trog
  1048 | D        | Killed a seven-headed hydra
  1049 | D        | Killed a giant frog
  1318 | D        | Noticed a yak
  1318 | D        | Noticed a death yak
  1318 | D        | Noticed a death yak
  1318 | D        | Noticed a death yak
  1318 | D        | Noticed a death yak
  1318 | D        | Noticed a death yak
  1318 | D        | Noticed a catoblepas
  1322 | D        | Killed a catoblepas
  1322 | D        | Received a gift from Trog
  1322 | D        | Reached skill level 14 in Fighting
  1322 | D        | Reached XP level 10. HP: 93/93 MP: 3/3
  1330 | D        | Noticed a catoblepas
  1335 | D        | Killed a death yak
  1337 | D        | Killed a death yak
  1340 | D        | Killed a death yak
  1358 | D        | Killed a death yak
  1358 | D        | Reached skill level 15 in Fighting
  1358 | D        | Reached skill level 15 in Axes
  1358 | D        | Reached skill level 15 in Armour
  1629 | D        | Killed a death yak
  1629 | D        | Received a gift from Trog
  1661 | D        | Slain by a catoblepas

Action                   |  1- 3 |  4- 6 |  7- 9 | 10-12 || total
-------------------------+-------+-------+-------+-------++-------
Melee: Hand axe          |    24 |       |       |       ||    24
       Broad axe         |     5 |    18 |    40 |       ||    63
       Executioner's axe |       |       |    24 |    28 ||    52
       Battleaxe         |       |       |     6 |       ||     6
Invok: Berserk           |     2 |       |     1 |       ||     3
       Trog's Hand       |       |       |     1 |       ||     1
       Brothers in Arms  |       |       |     1 |     1 ||     2
  Use: Potion            |       |     1 |       |     1 ||     2
       Scroll            |       |       |     3 |       ||     3
 Stab: Petrified         |       |       |       |     3 ||     3
